 Dungeon Crawl Stone Soup version 0.30-a0-168-g0b976cbdc4 (webtiles) character file.

Game seed: 5443992219024508486

1446 qw the Cleaver (level 8, 0/51 HPs)
             Began as a Gargoyle Fighter on Sept 29, 2022.
             Slain by an orc warrior
             ... wielding a +0 glaive
              (10 damage)
             ... on level 6 of the Dungeon.
             The game lasted 00:01:54 (5298 turns).

qw the Cleaver (Gargoyle Fighter)                   Turns: 5298, Time: 00:01:55

Health: 0/51       AC: 12    Str: 23    XL:     8   Next: 75%
Magic:  8/8        EV:  9    Int:  8    God:
Gold:   264        SH:  4    Dex:  9    Spells: 7/7 levels left

rFire   + . .      SeeInvis .    Y - +1 war axe
rCold   + . .      Faith    .    c - +0 buckler
rNeg    + . .      Spirit   .    b - +0 scale mail
rPois   inf        Reflect  .    (no helmet)
rElec   +          Harm     .    n - scarf {rC+ rF+}
rCorr   .          Rampage  .    (no gloves)
Will    .....                    (no boots)
Stlth   ..........               (no amulet)
HPRegen 0.17/turn                (no ring)
MPRegen 0.11/turn                (no ring)

@: about to teleport
A: sickness immunity, AC +5, negative energy resistance 1, electricity
resistance, torment resistance 1, petrification resistance
a: no special abilities


You were on level 6 of the Dungeon.
You visited 1 branch of the dungeon, and saw 6 of its levels.

You collected 264 gold pieces.


Innate Abilities, Weirdness & Mutations

You are immune to sickness and miasma.
Your stone body is resilient. (AC +5)
You are immune to poison.
You resist negative energy. (rN+)
You are resistant to electric shocks. (rElec)
You are resistant to unholy torment.
You are immune to petrification.


   Skills:
 - Level 6.1 Fighting
 + Level 8.6 Axes
 - Level 1.0 Throwing
 - Level 3.2 Armour
 - Level 1.0 Dodging
 - Level 3.2 Shields


You had 7 spell levels left.
You didn't know any spells.
Your spell library was empty.

Inventory:

Hand Weapons
 t - a +0 morningstar
 Y - a +1 war axe (weapon)
Missiles
 p - 4 boomerangs (quivered)
Armour
 b - a +0 scale mail (worn)
 c - a +0 buckler (worn)
 n - a scarf of resistance (worn)
Scrolls
 e - 2 scrolls of identify
 g - 3 scrolls of teleportation
Potions
 a - a potion of heal wounds
 d - 5 potions of might
 f - a potion of degeneration {unknown}
 h - 2 potions of lignification
 i - a potion of attraction {unknown}
 j - 4 potions of curing
 k - a potion of invisibility {unknown}
 l - a potion of flight {unknown}
 m - 2 potions of haste
 q - a potion of cancellation {unknown}
 s - a potion of ambrosia {unknown}

Dungeon Overview and Level Annotations

Branches:
Dungeon (6/15)
 Temple: D:4-7

Altars:
Makhleb
Xom
Yredelemnul

Annotations:
D:3 1 runed translucent door
D:5 1 runed translucent door, 2 transporters, Crazy Yiuf; qw's ghost, novice GrFi


Message History

The orc wizard hits you but does no damage.
You hit the orc wizard.
The orc wizard is heavily wounded.
You hit the orc.
The orc wizard casts a spell.
The orc wizard flickers and vanishes!
Deactivating autopickup; reactivate with Ctrl-A.
The orc misses you.
The orc wizard points at you and mumbles some strange words.
You resist with some effort.
You slash the orc wizard!
You kill the orc wizard!
You barely miss the orc. You hit the orc. The orc barely misses you.
The orc hits you with a +0 falchion!
You closely miss the orc.
The orc is moderately wounded.
You closely miss the orc. The orc hits you with a +0 falchion.
The orc hits you with a +0 flail.
You slash the orc!
You kill the orc!
You hit the orc warrior but do no damage.
You closely miss the orc. The orc hits you with a +0 falchion.
You barely miss the orc warrior. You slash the orc!
You kill the orc!
You miss something. Something hits you but does no damage.
The orc warrior hits you with a +0 glaive!
Something hits you but does no damage. The orc warrior barely misses you.
You slash the orc warrior!
The orc warrior is moderately wounded.
You closely miss something. Something hits you but does no damage.
The orc warrior hits you with a +0 glaive!
5298 ||| READING 4 scrolls of teleportation.
As you read the scroll of teleportation, it crumbles to dust.
You feel strangely unstable. Something hits you but does no damage.
The orc warrior hits you with a +0 glaive!
You die... .. 7. 7. 7. 7. 77o

.7777.)###
.^....o@.#
###...)#.#
######.##
#..### ##...#
###.###########
#.##........#
#..#........#
##.#........#


You could see an orc warrior and an orc.

Vanquished Creatures
  Sigmund (D:5)
  Edmund (D:6)
  2 ice beasts (D:6)
  An ogre (D:5)
  A centaur (D:5)
  A phantom (D:4)
  2 scorpions
  2 necrophages (D:5)
  2 jellies
  2 hounds
  An orc priest (D:6)
  2 iguanas (D:5)
  An orc wizard (D:6)
  A human skeleton (D:3)
  Terence (D:3)
  A hound skeleton (D:5)
  9 adders
  3 river rats (D:5)
  An ufetubus (D:5)
  4 worms (D:5)
  3 dart slugs
  13 orcs
  8 ball pythons
  5 bats
  8 endoplasms
  3 giant cockroaches
  7 goblins
  4 hobgoblins
  3 jackals (D:3)
  3 quokkas
  5 frilled lizards
  A jackal skeleton (D:3)
  6 kobolds
  9 rats
117 creatures vanquished.

Notes
Turn   | Place    | Note
-------+----------+-------------------------------------------
     0 | D:1      | qw the Gargoyle Fighter began the quest for the Orb.
     0 | D:1      | Reached XP level 1. HP: 14/14 MP: 1/1
     0 | D:1      | 0 ||| qw: Version: 0.2-a-12-gaebbb33
     0 | D:1      | 0 ||| qw: Game counter: 1190
     0 | D:1      | 0 ||| qw: Always use a shield: true
     0 | D:1      | 0 ||| qw: God list: Okawaru
     0 | D:1      | 0 ||| qw: Allow faded altars: false
     0 | D:1      | 0 ||| qw: Do Orc after D:15 true
     0 | D:1      | 0 ||| qw: Do second Lair branch before Depths: true
     0 | D:1      | 0 ||| qw: Lair rune preference: random
     0 | D:1      | 0 ||| qw: Plans: Normal, Zot:1-4, God:TSO, Crypt, Tomb,
                  | Pan, Slime:5, Hells, Abyss, Orb
     0 | D:1      | 0 ||| PLANNING D:1-11
    39 | D:1      | 39 ||| Stepping ~*~*~tactically~*~*~ (stealth).
    51 | D:1      | Reached skill level 2 in Axes
    55 | D:1      | 55 ||| Stepping ~*~*~tactically~*~*~ (hiding).
    74 | D:1      | 74 ||| Stepping ~*~*~tactically~*~*~ (stealth).
    75 | D:1      | 75 ||| Stepping ~*~*~tactically~*~*~ (stealth).
    77 | D:1      | 77 ||| Stepping ~*~*~tactically~*~*~ (stealth).
    80 | D:1      | Reached XP level 2. HP: 19/19 MP: 2/2
   310 | D:1      | Found a faded altar of an unknown god.
   681 | D:1      | Reached skill level 3 in Axes
   770 | D:1      | Reached XP level 3. HP: 21/23 MP: 3/3
   906 | D:1      | 906 ||| UPGRADING to scarf of resistance.
   911 | D:1      | 911 ||| READING scroll labelled HUMUIN CIE.
   912 | D:1      | 912 ||| READING scroll labelled ESKITU TUXAO.
   913 | D:1      | 913 ||| READING scroll labelled DYRUER JAATHRU.
   966 | D:2      | 966 ||| FLEEEEING.
   971 | D:2      | 971 ||| STAIRDANCE
  1240 | D:2      | You fall into a shaft and drop 1 floor!
  1258 | D:3      | 1258 ||| Stepping ~*~*~tactically~*~*~ (stealth).
  1259 | D:3      | 1259 ||| Stepping ~*~*~tactically~*~*~ (stealth).
  1266 | D:3      | Noticed Terence
  1267 | D:3      | 1267 ||| Stepping ~*~*~tactically~*~*~ (stealth).
  1296 | D:3      | Killed Terence
  1407 | D:3      | 1407 ||| Stepping ~*~*~tactically~*~*~ (stealth).
  1433 | D:3      | 1433 ||| Stepping ~*~*~tactically~*~*~ (stealth).
  1438 | D:3      | Reached XP level 4. HP: 27/28 MP: 4/4
  1448 | D:3      | 1448 ||| DROPPING +0 club.
  1470 | D:3      | 1470 ||| READING 2 scrolls labelled EHIFUECRU GUOL.
  1471 | D:3      | 1471 ||| READING scroll labelled CEFOOL ZAKHLIA.
  1475 | D:3      | 1475 ||| DRINKING 2 murky yellow potions.
  1580 | D:3      | 1580 ||| DROPPING potion of berserk rage.
  1581 | D:3      | 1581 ||| DROPPING scroll of noise.
  1593 | D:3      | Found a shimmering altar of Xom.
  1594 | D:3      | 1594 ||| Stepping ~*~*~tactically~*~*~ (hiding).
  1596 | D:3      | 1596 ||| Stepping ~*~*~tactically~*~*~ (hiding).
  1614 | D:3      | Reached skill level 4 in Axes
  1769 | D:3      | 1769 ||| Stepping ~*~*~tactically~*~*~ (stealth).
  1790 | D:3      | Noticed a human
  1792 | D:3      | Found a runed translucent door.
  1811 | D:3      | Found a basalt altar of Yredelemnul.
  1812 | D:3      | 1812 ||| READING scroll labelled JILARA JORHA.
  1822 | D:3      | 1822 ||| Stepping ~*~*~tactically~*~*~ (stealth).
  2002 | D:3      | 2002 ||| READING scroll labelled FEATIRISOO.
  2003 | D:3      | 2003 ||| DRINKING 2 sedimented brown potions.
  2344 | D:2      | 2344 ||| DROPPING amulet of faith.
  2345 | D:2      | 2345 ||| READING scroll labelled BUISIS QAIW.
  2542 | D:3      | Reached XP level 5. HP: 32/32 MP: 5/5
  2680 | D:3      | 2680 ||| READING scroll labelled WOUNOYK ETHI.
  2721 | D:4      | 2721 ||| Stepping ~*~*~tactically~*~*~ (hiding).
  2722 | D:4      | 2722 ||| Stepping ~*~*~tactically~*~*~ (hiding).
  2771 | D:4      | 2771 ||| DROPPING +0 whip.
  2784 | D:4      | Noticed a phantom
  2801 | D:4      | Killed a phantom
  2802 | D:4      | Reached skill level 5 in Axes
  2813 | D:4      | 2813 ||| Stepping ~*~*~tactically~*~*~ (stealth).
  2824 | D:4      | 2824 ||| Stepping ~*~*~tactically~*~*~ (stealth).
  2849 | D:4      | 2849 ||| Stepping ~*~*~tactically~*~*~ (stealth).
  2869 | D:4      | Reached XP level 6. HP: 29/38 MP: 6/6
  3004 | D:4      | Reached skill level 1 in Dodging
  3063 | D:4      | 3063 ||| DROPPING +2 whip of venom.
  3463 | D:4      | 3463 ||| READING scroll labelled USE LOL NOACERPH.
  3464 | D:4      | 3464 ||| READING 2 scrolls of identify.
  3464 | D:4      | 3464 ||| IDENTIFYING silvery potion
  3476 | D:5      | Entered Level 5 of the Dungeon
  3477 | D:5      | 3477 ||| PLANNING SEWER
  3491 | D:5      | 3491 ||| Stepping ~*~*~tactically~*~*~ (stealth).
  3534 | D:5      | Noticed Sigmund
  3535 | D:5      | 3535 ||| Stepping ~*~*~tactically~*~*~ (stealth).
  3547 | D:5      | Killed Sigmund
  3548 | D:5      | Reached skill level 6 in Axes
  3548 | D:5      | Reached XP level 7. HP: 28/43 MP: 7/7
  3625 | D:5      | 3625 ||| Stepping ~*~*~tactically~*~*~ (stealth).
  3665 | D:5      | 3665 ||| Stepping ~*~*~tactically~*~*~ (stealth).
  3681 | D:5      | Reached skill level 7 in Axes
  3817 | D:5      | 3817 ||| DROPPING +0 flail.
  4019 | D:5      | Reached skill level 1 in Throwing
  4060 | D:5      | Found a runed translucent door.
  4061 | D:5      | Noticed Crazy Yiuf
  4176 | D:5      | 4176 ||| RIP SEWER
  4233 | D:5      | 4233 ||| PLANNING D:1-11
  4233 | D:5      | Found a burning altar of Makhleb.
  4240 | D:5      | Reached XP level 8. HP: 39/49 MP: 8/8
  4731 | D:5      | Found a transporter.
  4735 | D:5      | Found a transporter.
  4738 | D:5      | Noticed qw's ghost (novice GrFi)
  4811 | D:5      | 4811 ||| DROPPING scarf of resistance.
  4812 | D:5      | 4812 ||| DRINKING 2 puce potions.
  4839 | D:5      | 4839 ||| READING 2 scrolls of identify.
  4839 | D:5      | 4839 ||| IDENTIFYING metallic pink potion
  4840 | D:5      | 4840 ||| DROPPING potion of brilliance.
  4875 | D:6      | 4875 ||| PLANNING OSSUARY
  4915 | D:6      | Noticed Edmund
  4933 | D:6      | Killed Edmund
  4934 | D:6      | Reached skill level 8 in Axes
  5165 | D:6      | Reached skill level 6 in Fighting
  5297 | D:6      | HP: 10/51 [orc warrior/+0 glaive (12)]
  5298 | D:6      | 5298 ||| READING 4 scrolls of teleportation.
  5298 | D:6      | Slain by an orc warrior

Levels and vault maps discovered:
D:1:      sevenhm_arrival_forest_fort_small_6, layout_basic,
          dreamdust_ecumenical_altar_angels_and_demons
D:2:      layout_rooms
D:3:      layout_basic, xom_confusion_cloud, dk_yredelemnul_ordeal,
          hangedman_decor_clover_reticule, uniq_terence
D:4:      layout_basic
D:5:      layout_rooms, makhleb_blood_cavern_becter, lightli_sewer_entry_pipes,
          gammafunk_ghost_smash, minivault_26, uniq_crazy_yiuf_cottage,
          uniq_sigmund
D:6:      layout_basic, grunt_temple_overflow_magic_moments,
          nicolae_ossuary_entry_catacombs, small_statue_intersection,
          roderic_filled_cross, nrook_campfire, uniq_pikel, uniq_edmund

Skill      XL: |  1  2  3  4  5  6  7  8 |
---------------+-------------------------+-----
Axes           | 2 3 4 5 6 7 8 |  8.6
Fighting       | 4 5 6 |  6.1
Dodging        | 1 |  1.0
Throwing       | 1 |  1.0
Armour         | |  3.2
Shields        | |  3.2

Action                   |  1- 3 |  4- 6 |  7- 9 || total
-------------------------+-------+-------+-------++-------
Melee: War axe           |    92 |   144 |   159 ||   395
Throw: Boomerang         |       |    41 |    43 ||    84
  Use: Scroll            |     3 |     8 |     2 ||    13
       Potion            |       |     2 |     1 ||     3
Armor: Scale mail        |    36 |    79 |    71 ||   186
Dodge: Dodged            |    52 |    83 |    61 ||   196
Block: Buckler           |    12 |    22 |    24 ||    58

Table legend:
 A = Non-vault XP
 B = Vault XP
 C = Vault XP percentage of total XP
 D = Non-vault monster count
 E = Vault monster count
 F = Vault count percentage of total count
                 A         B        C        D         E       F
            +---------+---------+-------+---------+---------+-------
      Total |    1386 |     681 |  32.9 |      92 |      25 |  21.4
            +---------+---------+-------+---------+---------+-------
        D:1 |      35 |       0 |   0.0 |      20 |       0 |   0.0
        D:2 |      14 |       0 |   0.0 |      10 |       0 |   0.0
        D:3 |      27 |      95 |  77.9 |      17 |      11 |  39.3
        D:4 |     307 |       0 |   0.0 |      17 |       0 |   0.0
        D:5 |     570 |     417 |  42.2 |      19 |      13 |  40.6
        D:6 |     433 |     169 |  28.1 |       9 |       1 |  10.0
            +---------+---------+-------+---------+---------+-------
